 Dungeon Crawl Stone Soup version 0.29.1-2-gbd0b4ee654 (webtiles) character file.

Game seed: 11476961488319772894

1 cdecastro the Vexing (level 1, -1/7 HPs)
             Began as a Felid Enchanter on Nov 12, 2022.
             Slain by a hobgoblin (3 damage)
             ... on level 1 of the Dungeon.
             The game lasted 00:00:17 (56 turns).

cdecastro the Vexing (Felid Enchanter)                Turns: 56, Time: 00:00:18

Health: -1/7       AC:  1    Str:  4    XL:     1   Next: 16%
Magic:  4/4        EV: 17    Int: 16    God:
Gold:   6          SH:  0    Dex: 16    Spells: 4/4 levels left
                                        Lives:  0   Deaths: 0

rFire   . . .      SeeInvis +     - Unarmed
rCold   . . .      Faith    .   (shield unavailable)
rNeg    . . .      Spirit   .   (body armour unavailable)
rPois   .          Reflect  .   (helmet unavailable)
rElec   .          Harm     .   (cloak unavailable)
rCorr   .          Rampage  .   (gloves unavailable)
Will    .....                   (boots unavailable)
Stlth   +++.......              (no amulet)
HPRegen 0.02/turn               (no ring)
MPRegen 0.09/turn               (no ring)

@: quick
A: very small, claws 1, fangs 3, see invisible, speed 1, shaggy fur 1, stealthy
paws, no weapons or thrown items, no armour, multi-lived
a: no special abilities


You were on level 1 of the Dungeon.
You visited 1 branch of the dungeon, and saw 1 of its levels.

You collected 6 gold pieces.

Inventory:

Potions
 a - 2 potions of invisibility


   Skills:
 - Level 2.6 Dodging
 + Level 4.0 Stealth
 - Level 1.0 Unarmed Combat
 - Level 2.0 Spellcasting
 * Level 4.5 Hexes


You had 4 spell levels left.
You didn't know any spells.
Your spell library contained the following spells:

 Spells                   Type           Power      Damage    Failure   Level
 Confusing Touch          Hex            16%        N/A       10%         3
 Tukima's Dance           Hex            16%        N/A       10%         3
 Ensorcelled Hibernation  Hex/Ice        16%        N/A       12%         2
 Dazzling Flash           Conj/Hex       16%        N/A       24%         3


Dungeon Overview and Level Annotations

Branches:
Dungeon (1/15)

Altars:


Innate Abilities, Weirdness & Mutations

You have sharp claws.
You have razor-sharp teeth.
You have supernaturally acute eyesight. (SInv)
You cover ground quickly. (Speed+)
You are covered in fur. (AC +1)
Your paws help you pounce on unaware monsters.
You are incapable of wielding weapons or throwing items.
You cannot wear armour.
You gain extra lives every three experience levels.


Message History

Found a faded altar of an unknown god.
You open the door.
There is an open door here.
You open the door.
A hobgoblin comes into view.
A hobgoblin is nearby!
A hobgoblin is nearby!
A bat comes into view.
The hobgoblin shouts!
The bat closely misses you.
There is an open door here.
You scratch the hobgoblin but do no damage.
Your bite misses the hobgoblin. The bat misses you. The hobgoblin misses you.
You scratch the hobgoblin but do no damage.
You bite the hobgoblin.
The hobgoblin is lightly wounded.
The bat misses you. The hobgoblin barely misses you.
You completely miss the hobgoblin.
The hobgoblin is lightly wounded.
The bat barely misses you. The bat misses you. The hobgoblin barely misses you.
You scratch the hobgoblin.
The hobgoblin is moderately wounded.
A bat comes into view.
The bat hits you. The hobgoblin hits you. The bat misses you.
The bat completely misses you.
You scratch the bat.
The bat is severely wounded.
The bat hits you but does no damage. The bat closely misses you.
The bat barely misses you.
You closely miss the bat. You bite the bat.
You kill the bat!
You closely miss the hobgoblin.
You bite the hobgoblin, but do no damage.
The hobgoblin hits you.
* * * LOW HITPOINT WARNING * * *
You scratch the hobgoblin but do no damage.
The hobgoblin hits you.
You die...

######### #...>.^_#
#....#########
#........'@g.######b.
#.....[..###.#.......
#........# #.'.......
##........#
###.......
#.........# ....#..
#...#†##### ....#
#...#..#### ....#
#...#.....+ ....#
#...#.#.### ....#


You could see a hobgoblin.

Vanquished Creatures
  A bat (D:1)
  A frilled lizard (D:1)
2 creatures vanquished.

Notes
Turn   | Place    | Note
-------+----------+-------------------------------------------
     0 | D:1      | cdecastro the Felid Enchanter began the quest for the Orb.
     0 | D:1      | Reached XP level 1. HP: 7/7 MP: 4/4
    30 | D:1      | Found a faded altar of an unknown god.
    56 | D:1      | Slain by a hobgoblin

Illustrated notes

Levels and vault maps discovered:
D:1:      psy_arrival_dodecagon, layout_basic,
          hellmonk_ecumenical_altar_leap_of_faith

Action                   || total
-------------------------++-------
Melee: Unarmed           ||     9
       Bite              ||     3
Armor: Skin              ||     1
Dodge: Dodged            ||    12
